 Dungeon Crawl Stone Soup version 0.26-a0-639-g72c4674329 (webtiles) character file.

Game seed: 5999902782201544306

1191 PentaManta the Chopper (level 8, -7/61 HPs)
             Began as a Formicid Abyssal Knight on Sept 20, 2020.
             Was an Elder of Lugonu.
             Blown up by an orc wizard (24 damage)
             ... with a disintegration bolt
             ... on level 4 of the Dungeon.
             The game lasted 00:15:35 (5904 turns).

PentaManta the Chopper (Formicid Abyssal Knight)    Turns: 5904, Time: 00:15:39

Health: -7/61      AC: 18    Str: 18    XL:     8   Next: 71%
Magic:  12/12      EV:  8    Int: 13    God:    Lugonu [****..]
Gold:   265        SH:  0    Dex: 10    Spells: 7/7 levels left

rFire    . . .     SeeInvis +   a - +1 hand axe
rCold    . . .     Faith    .   (no shield)
rNeg     . . .     Spirit   .   m - +1 chain mail
rPois    .         Reflect  .   (helmet unavailable)
rElec    .         Harm     .   (no cloak)
rCorr    .         Rampage  .   (no gloves)
MR       .....                  (no boots)
Stlth    ..........             u - amulet of the acrobat
HPRegen  0.20/turn              o - +4 ring of protection
MPRegen  0.13/turn              x - +4 ring of protection

@: no status effects
A: permanent stasis, dig shafts and tunnels, four strong arms, antennae 3
a: Dig, Shaft Self, Depart the Abyss, Bend Space, Banish, Corrupt, Renounce
Religion


You were on level 4 of the Dungeon.
You worshipped Lugonu.
Lugonu was greatly pleased with you.
You visited 1 branch of the dungeon, and saw 5 of its levels.
You visited the Abyss 1 time.
You also visited: Sewer.

You collected 265 gold pieces.

Inventory:

Hand Weapons
 a - a +1 hand axe (weapon)
 j - the +7 great sword "Ryc Zaadesh" {vorpal, +Fly rF- Dex+9 SInv}
   (You found it in a sewer)

   It inflicts extra damage upon your enemies.
   It affects your dexterity (+9).
   It makes you vulnerable to fire.
   It lets you see invisible.
   It lets you fly.
 A - a +2 spear of pain
Missiles
 b - 2 poisoned darts (quivered)
 e - 7 atropa-tipped darts
 f - 5 javelins
Armour
 m - a +1 chain mail (worn)
 z - the +2 robe of the Furies {Regen+ Dex+7, unknown}
   (You found it on level 4 of the Dungeon)

   It affects your dexterity (+7).
   It increases your rate of regeneration.
Jewellery
 o - a +4 ring of protection (left hand)
 u - an amulet of the acrobat (around neck)
 v - an uncursed ring of poison resistance
 x - a +4 ring of protection (right hand)
Wands
 B - a wand of enslavement (1)
Scrolls
 d - 2 scrolls of fog
 w - a scroll of enchant armour
Potions
 c - 3 potions of magic
 h - a potion of might
 i - a potion of mutation
 k - 3 potions of curing
 l - 2 potions of flight
 n - 3 potions of lignification
 p - a potion of berserk rage {unknown}
 q - a potion of brilliance {unknown}
 s - a potion of haste {unknown}
 t - a potion of heal wounds {unknown}


   Skills:
 + Level 4.5 Fighting
 + Level 7.6 Axes
 + Level 3.8 Armour
 + Level 2.5 Dodging
 * Level 5.4 Invocations


You had 7 spell levels left.
You didn't know any spells.
Your spell library was empty.

Dungeon Overview and Level Annotations

Branches:
Dungeon (5/15)              Sewer (visited)
 Temple: D:4-7

Altars:
Ashenzari
Nemelex Xobeh
Sif Muna
Uskayaw
Yredelemnul

Shops:
D:4 [

Annotations:
D:4 2 transporters


Innate Abilities, Weirdness & Mutations

You cannot be hasted, slowed, berserked, paralysed or teleported.
You can dig through walls and to a lower floor.
Your four strong arms can wield two-handed weapons with a shield.
You have a pair of large antennae on your head. (SInv)


Message History

The orc wizard hits you but does no damage.
Your chain mail prevents you from hitting the orc wizard.
The orc wizard is severely wounded.
You hit the gnoll. The gnoll hits you but does no damage.
The orc wizard hits you but does no damage.
You hit the orc wizard but do no damage.
The orc wizard is severely wounded.
You hit the gnoll. The gnoll hits you but does no damage.
The orc wizard closely misses you.
You closely miss the orc wizard.
The orc wizard is severely wounded.
You barely miss the gnoll. The gnoll hits you but does no damage.
The orc wizard hits you but does no damage.
You hit the orc wizard.
The orc wizard is almost dead.
You hit the gnoll.
You kill the gnoll!
Lugonu accepts your kill.
The orc wizard zaps a wand.
You are blasted!
You die...

#..........^............#
#.####..##.###.........## ##
##.## ##.##.###.......###
##8##...##8##...##......#.#
##...##.##...##[.........#.####
#_..........._#.).##...........
##...##.##...##.#..............
##8#######8##o)..#######....)[
## ###@".## #....). #####
#.....[ ##...... ##.......
##..#..... #.........
#.#.∩.#### #.....# ##..#.#


You could see an orc wizard (invisible).

Vanquished Creatures
  Purgy (Sewer)
  A phantom (D:5)
  3 ogres
  A gnoll sergeant (D:4)
  2 scorpions
  A hound (D:4)
  An orc priest (D:3)
  4 orc wizards
  A bullfrog skeleton (D:5)
  2 iguanas
  Terence (D:2)
  Robin (D:2)
  4 gnolls
  7 adders
  A shadow imp (D:5)
  An ufetubus (D:5)
  5 oozes
  5 worms
  An adder zombie (D:5)
  6 dart slugs
  9 leopard geckos
  16 orcs
  7 bats
  11 giant cockroaches
  15 goblins
  16 hobgoblins
  2 jackals (D:2)
  A quokka (D:4)
  2 ball pythons (Sewer)
  10 frilled lizards
  4 kobolds
  A leopard gecko zombie (D:5)
  10 rats
153 creatures vanquished.

Notes
Turn   | Place    | Note
-------+----------+-------------------------------------------
     0 | Abyss:1  | PentaManta the Formicid Abyssal Knight began the quest for
                  | the Orb.
     0 | Abyss:1  | Reached XP level 1. HP: 18/18 MP: 2/2
    17 | Abyss:1  | Noticed a sixfirhy
    35 | Abyss:2  | Noticed a raiju
    36 | Abyss:2  | Noticed a raiju
    44 | D:1      | Escaped the Abyss
   357 | D:1      | Reached XP level 2. HP: 22/24 MP: 3/3
   531 | D:1      | Reached skill level 3 in Axes
   631 | D:1      | Reached * piety under Lugonu
   631 | D:1      | Reached XP level 3. HP: 29/29 MP: 4/4
  1166 | D:2      | Noticed Terence
  1189 | D:2      | Killed Terence
  1189 | D:2      | Reached skill level 4 in Axes
  1189 | D:2      | Reached XP level 4. HP: 28/35 MP: 5/5
  1583 | D:2      | Reached ** piety under Lugonu
  1685 | D:2      | Reached XP level 5. HP: 41/41 MP: 6/6
  1757 | D:2      | Found a shimmering blue altar of Sif Muna.
  2178 | D:2      | Reached skill level 5 in Axes
  2186 | D:2      | Noticed Robin
  2196 | D:2      | Killed Robin
  2446 | D:3      | Found a hide-covered altar of Uskayaw.
  2549 | D:3      | Found a sparkling altar of Nemelex Xobeh.
  3006 | D:3      | Reached XP level 6. HP: 42/47 MP: 7/7
  3475 | D:4      | Found a transporter.
  3494 | D:4      | Reached skill level 6 in Axes
  3542 | D:4      | Reached *** piety under Lugonu
  3576 | D:4      | Found a glowing drain.
  3591 | Sewer    | Entered a sewer
  3690 | Sewer    | Noticed Purgy
  3702 | Sewer    | Killed Purgy
  3845 | Sewer    | Got an encrusted great sword
  3853 | D:4      | Identified the +7 great sword "Ryc Zaadesh" {vorpal, +Fly
                  | rF- Dex+9 SInv} (You found it in a sewer)
  3915 | D:4      | Reached skill level 7 in Axes
  3915 | D:4      | Reached XP level 7. HP: 30/52 MP: 8/8
  4164 | D:3      | Reached skill level 1 in Dodging
  4561 | D:4      | Found a transporter.
  4771 | D:4      | Found Rozih's Armour Shoppe.
  4816 | D:5      | Entered Level 5 of the Dungeon
  4823 | D:5      | Reached **** piety under Lugonu
  5081 | D:5      | Reached XP level 8. HP: 58/60 MP: 10/10
  5427 | D:4      | Reached skill level 5 in Invocations
  5594 | D:4      | Found a shattered altar of Ashenzari.
  5594 | D:4      | Found a basalt altar of Yredelemnul.
  5656 | D:4      | Got a bloodstained robe
  5904 | D:4      | Blown up by an orc wizard

Illustrated notes

Levels and vault maps discovered:
D:1:      ncdulo_smallfort, layout_loops_ring, hangedman_decor_growths,
          minmay_misc_feat_tower
D:2:      layout_loops_ring, led_sif_pool, small_statue_intersection,
          columned_hall_lemuel, uniq_robin, uniq_terence
D:3:      layout_loops_ring, lemuel_coloured_pillars_altar,
          nemelex_xobeh_ov_fountains_minmay, serial_rivers,
          chequers_serial_rivers_room_b, chequers_serial_rivers_large_a,
          chequers_serial_rivers_small_a, chequers_serial_rivers_micro_d,
          chequers_serial_rivers_micro_d, chequers_serial_rivers_small_b,
          kennysheep_nondescript, bh_walls_and_bars
D:4:      gammafunk_cloud_chamber, layout_rooms,
          amethyst_overflow_temple_binary, serial_shops, nicolae_shop_stone,
          gup_sewer_entry_bubbles
D:5:      layout_cave_pools, minmay_temple_entry_tees

Skill      XL: |  1  2  3  4  5  6  7  8 |
---------------+-------------------------+-----
Axes           | 3 4 5 7 |  7.6
Dodging        | 1 2 |  2.5
Invocations    | 3 5 |  5.4
Armour         | 3 |  3.8
Fighting       | 4 |  4.5

Action                   |  1- 3 |  4- 6 |  7- 9 || total
-------------------------+-------+-------+-------++-------
Melee: Hand axe          |   103 |   277 |   234 ||   614
Invok: Depart the Abyss  |     1 |       |       ||     1
 Abil: Dig               |       |     2 |       ||     2
  Use: Scroll            |     4 |     7 |     3 ||    14
       Potion            |       |     3 |       ||     3
Armor: Leather armour    |     4 |       |       ||     4
       Scale mail        |    19 |       |       ||    19
       Chain mail        |    12 |   155 |   166 ||   333
Dodge: Dodged            |    33 |    97 |   125 ||   255

Table legend: (Time is in decaauts)
 A = Elapsed time spent in this place.
 B = Non-inter-level travel time spent in this place.
 C = Inter-level travel time spent in this place.
 D = Time resting spent in this place.
 E = Time spent auto-exploring this place.
 F = Levels seen in this place.
 G = Mean time per level.
                   A        B        C        D        E       F      G
               +--------+--------+--------+--------+--------+-----+--------+
         Total |   5984 |   5717 |    267 |    743 |   3595 |   8 |  748.0 |
       Dungeon |   5652 |   5385 |    267 |    713 |   3479 |   5 | 1130.4 |
         Abyss |     44 |     44 |      0 |      0 |      0 |   2 |   22.0 |
         Sewer |    287 |    287 |      0 |     30 |    116 |   1 |  287.0 |
               +--------+--------+--------+--------+--------+-----+--------+

Top non-repeatable levels by time:
     D:4: 1502 daAuts
     D:3: 1347 daAuts
     D:2: 1327 daAuts
     D:1: 1049 daAuts
     D:5: 425 daAuts
   Sewer: 287 daAuts
 Abyss:2: 24 daAuts
 Abyss:1: 20 daAuts
